 Dungeon Crawl Stone Soup version 0.19-a0-1740-g0bcaf2e (webtiles) character file.

282 Amnesiac the Thaumaturge (level 6, -2/32 HPs)
             Began as a Deep Elf Earth Elementalist on Oct 2, 2016.
             Succumbed to a worker ant's poison
             ... on level 4 of the Dungeon.
             The game lasted 00:02:52 (1100 turns).

Amnesiac the Thaumaturge (DEEE)                     Turns: 1100, Time: 00:02:53

Health: -2/32      AC:  3    Str:  5    XL:     6   Next: 6%
Magic:  8/19       EV: 13    Int: 20    God:
Gold:   54         SH:  0    Dex: 17    Spells: 3 memorised, 14 levels left

rFire  . . .     SeeInvis .     b - 39 stones
rCold  . . .     Gourm    .     c - +0 robe
rNeg   . . .     Faith    .     (no shield)
rPois  .         Spirit   .     (no helmet)
rElec  .         Dismiss  .     (no cloak)
rCorr  .         Reflect  .     o - +0 pair of gloves
MR     .....     Harm     .     (no boots)
Stlth  ++........               (no amulet)
                                (no ring)
                                h - ring of flight

@: lethally poisoned (-2 -> -30), very slightly contaminated
A: no striking features
a: Evoke Flight


You were on level 4 of the Dungeon.
You were not hungry.

You visited 1 branch of the dungeon, and saw 4 of its levels.

You collected 54 gold pieces.

Inventory:

Hand Weapons
 a - a +0 dagger
 l - a +0 glaive
Missiles
 b - 39 stones (in hand)
Armour
 c - a +0 robe (worn)
 o - a +0 pair of gloves (worn)
Jewellery
 h - a ring of flight (left hand)
Scrolls
 g - a scroll of amnesia {unknown}
 i - a scroll of teleportation {unknown}
 j - a scroll of recharging {unknown}
 k - 4 scrolls of remove curse {unknown}
 m - a scroll of random uselessness {unknown}
 n - a scroll of enchant weapon {unknown}
 p - 2 scrolls of immolation {unknown}
Potions
 f - a potion of might {unknown}
Books
 e - a book of Geomancy

   Spells                             Type                      Level
   a - Sandblast                      Earth                        1
   b - Passwall                       Transmutation/Earth          2
   c - Stone Arrow                    Conjuration/Earth            3
   d - Petrify                        Transmutation/Earth          4
   e - Lee's Rapid Deconstruction     Earth                        5
Comestibles
 d - a bread ration


   Skills:
 - Level 2.4 Dodging
 - Level 2.4 Stealth
 + Level 8.1 Spellcasting
 - Level 1.1 Transmutations
 - Level 4.0 Earth Magic


You had 14 spell levels left.
You knew the following spells:

 Your Spells              Type           Power        Failure   Level  Hunger
e - Petrify               Tmut/Erth      ###.....     30%         4    ###....
f - Sandblast             Erth           ###...       1%          1    None
v - Passwall              Tmut/Erth      ###.......   4%          2    None


Dungeon Overview and Level Annotations

Branches:
Dungeon (4/15)
 Temple: D:4-7

Altars:

Shops:
D:4 [


Message History

The rocky blast hits the scorpion.
You kill the scorpion!
* * * LOW HITPOINT WARNING * * *
You feel sick. The worker ant bites you.
* * * LOW HITPOINT WARNING * * *
You are more poisoned.
The worker ant poisons you!
Casting: Sandblast
Confirm with . or Enter, or press ? or * to list all spells.
Aiming: Sandblast
Press: ? - help, Shift-Dir - straight line, f/p - worker ant
Aim: a worker ant (almost dead)
The rocky blast hits the worker ant.
You kill the worker ant!
Your Spellcasting skill increases to level 8!
You have reached level 6!
Your experience leads to an increase in your attributes!
Increase (S)trength, (I)ntelligence, or (D)exterity?
You feel agile.
You die...

#.#
#.#
#.#
#.#
#.#
#.#
#.#
#.#
#@#
#†#
#...#
#..##
...#
...#
#.>..
#....
#.....


There were no monsters in sight!

Vanquished Creatures
  An ogre (D:4)
  A scorpion (D:4)
  An iguana (D:4)
  An orc wizard (D:4)
  2 worker ants (D:4)
  A hound skeleton (D:4)
  An adder (D:4)
  4 orcs (D:4)
  2 bats (D:1)
  2 giant cockroaches
  A hobgoblin (D:1)
  2 kobolds
  2 quokkas (D:4)
  2 goblins (D:1)
  3 rats
26 creatures vanquished.

Notes
Turn   | Place    | Note
-------+----------+-------------------------------------------
     0 | D:1      | Amnesiac the Deep Elf Earth Elementalist began the quest for the Orb.
     0 | D:1      | Reached XP level 1. HP: 10/10 MP: 6/6
    88 | D:1      | Reached XP level 2. HP: 15/15 MP: 4/8
   157 | D:1      | Learned a level 2 spell: Passwall
   268 | D:4      | Noticed an ogre
   276 | D:4      | Killed an ogre
   276 | D:4      | Reached skill level 5 in Spellcasting
   276 | D:4      | Reached XP level 3. HP: 19/19 MP: 6/12
   276 | D:4      | Reached XP level 4. HP: 24/24 MP: 6/13
   282 | D:4      | Learned a level 4 spell: Petrify
   286 | D:4      | Found Kauble's Armour Emporium.
   312 | D:4      | Reached skill level 6 in Spellcasting
   461 | D:4      | Reached XP level 5. HP: 5/28 MP: 5/16
   990 | D:4      | Reached skill level 7 in Spellcasting
  1099 | D:4      | HP: 1/28 [worker ant (5)]
  1100 | D:4      | Reached skill level 8 in Spellcasting
  1100 | D:4      | Reached XP level 6. HP: 1/32 MP: 8/19
  1100 | D:4      | Succumbed to a worker ant's poison

Vault maps used:
D:1:      erik_arrival_gehennom, serial_bayou_ford_a
D:2:      minmay_door_path, first_bread, bh_walls_and_bars
D:4:      serial_shops, kennysheep_mini, tso_altar

Skill      XL: |  1  2  3  4  5 |
---------------+----------------+-----
Earth Magic    | 4 |  4.0
Spellcasting   | 5 6 8 |  8.1
Dodging        | |  2.4
Stealth        | |  2.4
Transmutations | |  1.1

Action                   |  1- 3 |  4- 6 || total
-------------------------+-------+-------++-------
Throw: Stone             |     1 |     2 ||     3
 Cast: Sandblast         |    14 |    39 ||    53
Armor: Robe              |     1 |       ||     1
Dodge: Dodged            |     1 |     9 ||    10
